 Dungeon Crawl Stone Soup version 0.25-a0-589-g1e14c549ee (webtiles) character file.

Game seed: 14098559533646404167, levelgen mode: deterministic

115 Lentor the Skirmisher (level 4, 0/55 HPs)
             Began as a Demonspawn Fighter on Mar 9, 2020.
             Was an Initiate of Qazlal.
             Slain by a leopard gecko (2 damage)
             ... on level 3 of the Dungeon.
             The game lasted 00:04:48 (2387 turns).

Lentor the Skirmisher (Demonspawn Fighter)          Turns: 2387, Time: 00:04:49

Health: 0/55       AC:  9    Str: 17    XL:     4   Next: 68%
Magic:  13/13      EV:  6    Int:  9    God:    Qazlal [......]
Gold:   130        SH:  8    Dex: 13    Spells: 3/3 levels left

rFire    + . .     SeeInvis .   n - +0 whip
rCold    . . .     Gourm    .   c - +0 kite shield
rNeg     . . .     Faith    .   b - +0 scale mail
rPois    .         Spirit   .   (no helmet)
rElec    .         Reflect  .   (no cloak)
rCorr    .         Harm     .   (no gloves)
MR       .....                  (no boots)
Stlth    ..........             (no amulet)
HPRegen  0.18/turn              l - ring of magical power
MPRegen  0.13/turn              (no ring)

@: berserking, very quick
A: molten scales 2, fire resistance 1
a: Renounce Religion


You were on level 3 of the Dungeon.
You worshipped Qazlal.
Qazlal was noncommittal.
You were not hungry.

You visited 1 branch of the dungeon, and saw 3 of its levels.

You collected 130 gold pieces.

Inventory:

Hand Weapons
 a - a +0 war axe
 n - a +0 whip (weapon)
Armour
 b - a +0 scale mail (worn)
 c - a +0 kite shield (worn)
 r - a +2 robe of resistance
Jewellery
 l - a ring of magical power (left hand)
Scrolls
 e - 3 scrolls of remove curse {unknown}
 h - 2 scrolls of identify {unknown}
 i - 2 scrolls of enchant armour {unknown}
 j - a scroll of blinking {unknown}
 k - a scroll of teleportation {unknown}
 o - a scroll of immolation {unknown}
Potions
 d - a potion of might
 m - a potion of magic {unknown}
 p - a potion of degeneration {unknown}
 q - a potion of curing {unknown}
Comestibles
 f - 4 rations


   Skills:
 + Level 3.9 Fighting
 - Level 2.8(3.2) Axes
 * Level 2.3(3.0) Maces & Flails
 - Level 2.6 Armour
 - Level 2.6 Shields


You had 3 spell levels left.
You didn't know any spells.
Your spell library was empty.

Dungeon Overview and Level Annotations

Branches:
Dungeon (3/15)

Altars:
Okawaru
Qazlal


Innate Abilities, Weirdness & Mutations

You are mostly covered in molten scales. (AC +3)
Your flesh is heat resistant. (rF+)


Message History

You are too berserk!
You barely miss the adder.
The adder is lightly wounded.
You feel sick.
You are no longer poisoned.
The adder barely misses you.
You barely miss the adder.
The adder is lightly wounded.
The bat hits you.
* * * LOW HITPOINT WARNING * * *
The adder barely misses you. You block the orc's attack.
You miss the adder.
The adder is lightly wounded.
You block the bat's attack. x2; The adder bites you but does no damage.
You whack the adder!
You kill the adder!
Qazlal accepts your kill. You block the bat's attack.
The orc hits you but does no damage. The leopard gecko bites you.
You die...

# ...).#.......#####.#.#... #.
._..##................## #..
).).#...............(..# #...
......................## .....
##...#.###............#<
:.....#...##.###.###.......[).
.............#°...§#...†...##.
.......))...##.....#.......#..
....(.......o@b._..........#.#
............l#.....#.......#.
.............#○....#.......#.
.......)...<.###.###..<....##
##########...# #...........#
#...# #######...... #####


You could see an orc, a leopard gecko and a bat.

Vanquished Creatures
  An orc priest (D:3)
  2 adders (D:3)
  3 worms
  4 leopard geckos
  2 orcs (D:3)
  A giant cockroach (D:1)
  10 goblins
  8 hobgoblins
  A quokka (D:2)
  3 ball pythons
  7 bats
  2 frilled lizards
  3 kobolds
  4 rats
51 creatures vanquished.

Notes
Turn   | Place    | Note
-------+----------+-------------------------------------------
     0 | D:1      | Lentor the Demonspawn Fighter began the quest for the Orb.
     0 | D:1      | Reached XP level 1. HP: 18/18 MP: 1/1
   305 | D:1      | Gained mutation: You are partially covered in molten
                  | scales. (AC +2) [demonic ancestry]
   305 | D:1      | Reached XP level 2. HP: 22/24 MP: 2/2
   700 | D:2      | Gained mutation: Your flesh is heat resistant. (rF+)
                  | [demonic ancestry]
   700 | D:2      | Reached XP level 3. HP: 27/29 MP: 3/3
   844 | D:2      | Found an iron altar of Okawaru.
  1359 | D:2      | Reached skill level 1 in Maces & Flails
  1460 | D:3      | HP: 1/29 [orc priest/+0 hand axe (3)]
  2119 | D:3      | Gained mutation: You are mostly covered in molten scales.
                  | (AC +3) [demonic ancestry]
  2119 | D:3      | Reached XP level 4. HP: 15/37 MP: 4/4
  2312 | D:3      | Found a stormy altar of Qazlal.
  2323 | D:3      | Became a worshipper of Qazlal Stormbringer
  2327 | D:3      | Found an iron altar of Okawaru.
  2384 | D:3      | HP: 2/55 [bat (1)]
  2387 | D:3      | Slain by a leopard gecko

Levels and vault maps discovered:
D:1:      lightli_arrival_statue_moat, layout_rooms
D:2:      layout_basic, nicolae_overflow_crystal_walls, glass_columns_a,
          dk_noncrumbling_4
D:3:      layout_basic, grunt_temple_overflow_champion_of_chaos,
          grunt_qazlal_clouds, chequers_ecumenical_altar_grove,
          gammafunk_ghost_mausoleum, okawaru_ov_weapons_minmay

Skill      XL: |  1  2  3  4 |
---------------+-------------+-----
Axes           | 2 |  2.8
Maces & Flails | 1 2 |  2.3
Fighting       | |  3.9
Armour         | |  2.6
Shields        | |  2.6

Action                   |  1- 3 |  4- 6 || total
-------------------------+-------+-------++-------
Melee: War axe           |    67 |       ||    67
       Whip              |    86 |    55 ||   141
  Use: Potion            |       |     1 ||     1
  Eat: Chunk             |     2 |       ||     2
       Ration            |       |     1 ||     1
Armor: Scale mail        |    79 |    55 ||   134
Dodge: Dodged            |    52 |    30 ||    82
Block: Kite shield       |    76 |    51 ||   127

Table legend:
 A = Non-vault XP
 B = Vault XP
 C = Vault XP percentage of total XP
 D = Non-vault monster count
 E = Vault monster count
 F = Vault count percentage of total count
                 A         B        C        D         E       F
            +---------+---------+-------+---------+---------+-------
      Total |     165 |       0 |   0.0 |      51 |       0 |   0.0
            +---------+---------+-------+---------+---------+-------
        D:1 |      24 |       0 |   0.0 |      15 |       0 |   0.0
        D:2 |      56 |       0 |   0.0 |      25 |       0 |   0.0
        D:3 |      85 |       0 |   0.0 |      11 |       0 |   0.0
            +---------+---------+-------+---------+---------+-------
